[ AOE2 MATCH · #506558933 ]
UnrankedBerbers vs Huns
Player's team · LOSS
Rival team · WIN
[ REPLAY ANALYSIS · EXTRACTED FROM THE RECORDED GAME ]
Feudal
8:51
Castle
24:13
Imperial
—
| APM avg | 75.4 |
| APM peak | 113 |
| eAPM avg | 30.2 |
| Villagers / military | 68 / 89 |
Focus
⚔️ 25.8% · 🌾 74.2%
Camel Scout ×64 · Archer ×16 · Spearman ×7 · Monk ×2
Feudal
11:46
Castle
23:20
Imperial
—
| APM avg | 42.1 |
| APM peak | 73 |
| eAPM avg | 21.6 |
| Villagers / military | 90 / 91 |
Focus
⚔️ 38.8% · 🌾 61.2%
Knight ×48 · Monk ×17 · Scout Cavalry ×10 · Militia ×8 · Battering Ram ×8
Match map
Initial resources + every placement click. Lines = walls · curves = elevation contours. ◆ gold · ⬟ stone · ● berries · ✦ relic · ◌ wall gap
Your base· ✓ Closed at 24:13 · 42t walls · 2 gate(s)
DarK | Spring's base· Open — unwalled flank
Smoothed initial terrain · ◌ = detected wall gap · hover for details
Inputs per minute
— Tepeyóllotl - - DarK | Spring
Build order — Tepeyóllotl
First 150 of 260 actions detected
| 0:01 | Queue | Villager (Male) |
| 0:01 | Queue | Villager (Male) |
| 0:01 | Queue | Villager (Male) |
| 0:01 | Queue | Villager (Male) |
| 0:02 | Queue | Villager (Male) |
| 0:02 | Build | House |
| 0:04 | Build | House |
| 1:27 | Queue | Villager (Male) |
| 1:27 | Queue | Villager (Male) |
| 1:55 | Queue | Villager (Male) |
| 1:55 | Queue | Villager (Male) |
| 2:15 | Build | Lumber Camp |
| 2:24 | Queue | Villager (Male) |
| 2:24 | Queue | Villager (Male) |
| 2:28 | Queue | Villager (Male) |
| 2:28 | Queue | Villager (Male) |
| 2:46 | Queue | Villager (Male) |
| 2:46 | Queue | Villager (Male) |
| 3:41 | Queue | Villager (Male) |
| 3:41 | Queue | Villager (Male) |
| 3:59 | Build | House |
| 4:00 | Build | House |
| 4:17 | Queue | Villager (Male) |
| 4:17 | Queue | Villager (Male) |
| 4:52 | Queue | Villager (Male) |
| 5:24 | Queue | Villager (Male) |
| 5:26 | Build | Mill |
| 5:55 | Research | Loom |
| 6:40 | Research | Feudal Age |
| 7:20 | Build | Barracks |
| 8:18 | Build | House |
| 8:33 | Build | House |
| 8:36 | Build | House |
| 8:41 | Build | House |
| 8:44 | Build | House |
| 8:46 | Build | Palisade Wall |
| 8:51 | Age | Feudal Age |
| 8:55 | Queue | Villager (Male) |
| 8:58 | Build | Archery Range |
| 9:04 | Build | Palisade Wall |
| 9:06 | Research | Double-Bit Axe |
| 9:27 | Build | Palisade Wall |
| 9:30 | Queue | Villager (Male) |
| 9:48 | Queue | Villager (Male) |
| 9:53 | Build | House |
| 10:01 | Build | House |
| 10:09 | Queue | Villager (Male) |
| 10:13 | Queue | Archer |
| 10:33 | Build | Palisade Wall |
| 10:45 | Queue | Villager (Male) |
| 10:47 | Build | Mining Camp |
| 11:41 | Queue | Archer |
| 11:41 | Queue | Archer |
| 11:54 | Queue | Villager (Male) |
| 12:28 | Build | House |
| 12:32 | Queue | Villager (Male) |
| 12:51 | Queue | Archer |
| 12:51 | Queue | Archer |
| 12:52 | Queue | Archer |
| 13:00 | Queue | Villager (Male) |
| 13:07 | Build | Blacksmith |
| 13:18 | Build | Palisade Gate |
| 13:25 | Build | Archery Range |
| 13:32 | Queue | Villager (Male) |
| 13:44 | Build | Farm |
| 13:53 | Build | Palisade Wall |
| 14:02 | Build | Farm |
| 14:10 | Queue | Archer |
| 14:10 | Queue | Archer |
| 14:14 | Queue | Villager (Male) |
| 14:17 | Build | Farm |
| 14:27 | Build | House |
| 14:35 | Queue | Spearman |
| 14:35 | Queue | Spearman |
| 14:40 | Queue | Archer |
| 14:40 | Queue | Archer |
| 14:56 | Queue | Villager (Male) |
| 15:00 | Build | Farm |
| 15:04 | Build | House |
| 15:11 | Queue | Archer |
| 15:13 | Queue | Villager (Male) |
| 15:16 | Build | Farm |
| 15:44 | Queue | Archer |
| 15:45 | Queue | Archer |
| 15:49 | Research | Fletching |
| 15:54 | Build | Farm |
| 15:56 | Build | House |
| 16:01 | Queue | Villager (Male) |
| 16:08 | Queue | Spearman |
| 16:18 | Queue | Archer |
| 16:21 | Queue | Villager (Male) |
| 16:38 | Queue | Spearman |
| 16:38 | Queue | Spearman |
| 16:44 | Build | House |
| 16:52 | Build | Palisade Wall |
| 16:55 | Build | House |
| 17:01 | Queue | Spearman |
| 17:07 | Queue | Villager (Male) |
| 17:08 | Queue | Archer |
| 17:08 | Queue | Archer |
| 17:12 | Build | House |
| 17:14 | Build | House |
| 17:16 | Build | House |
| 17:18 | Build | House |
| 17:27 | Queue | Villager (Male) |
| 18:08 | Queue | Villager (Male) |
| 18:08 | Queue | Villager (Male) |
| 18:31 | Queue | Villager (Male) |
| 18:34 | Build | Farm |
| 18:34 | Build | Farm |
| 18:35 | Build | Farm |
| 18:40 | Queue | Villager (Male) |
| 18:55 | Build | House |
| 19:00 | Build | Palisade Gate |
| 19:04 | Build | Farm |
| 19:25 | Queue | Villager (Male) |
| 19:26 | Queue | Spearman |
| 19:32 | Build | House |
| 19:59 | Build | Market |
| 20:15 | Queue | Villager (Male) |
| 20:15 | Queue | Villager (Male) |
| 20:18 | Research | Wheelbarrow |
| 21:12 | Build | House |
| 21:12 | Build | House |
| 21:26 | Research | Castle Age |
| 21:58 | Build | Stable |
| 22:14 | Research | Scale Barding Armor |
| 22:26 | Research | Horse Collar |
| 22:50 | Build | Stable |
| 23:08 | Research | Bloodlines |
| 23:08 | Research | Bloodlines |
| 23:21 | Research | Forging |
| 23:30 | Build | Stable |
| 23:39 | Build | Farm |
| 23:39 | Build | Farm |
| 23:39 | Build | Farm |
| 23:39 | Build | Farm |
| 23:40 | Build | Farm |
| 23:40 | Build | Farm |
| 23:40 | Build | Farm |
| 23:59 | Build | Stable |
| 24:13 | Age | Castle Age |
| 24:14 | Queue | Villager (Male) |
| 24:19 | Queue | Camel Scout |
| 24:19 | Queue | Camel Scout |
| 24:29 | Queue | Villager (Male) |
| 24:38 | Queue | Camel Scout |
| 24:38 | Queue | Camel Scout |
| 24:44 | Research | Husbandry |
| 24:44 | Research | Husbandry |
Build order — DarK | Spring
First 150 of 262 actions detected
| 0:00 | Queue | Villager (Male) |
| 0:07 | Queue | Villager (Male) |
| 0:08 | Queue | Villager (Male) |
| 0:10 | Queue | Villager (Male) |
| 1:08 | Queue | Villager (Male) |
| 1:35 | Queue | Villager (Male) |
| 2:08 | Queue | Villager (Male) |
| 2:10 | Queue | Villager (Male) |
| 2:50 | Queue | Villager (Male) |
| 3:11 | Queue | Villager (Male) |
| 3:30 | Build | Lumber Camp |
| 3:40 | Queue | Villager (Male) |
| 3:45 | Queue | Villager (Male) |
| 4:01 | Queue | Villager (Male) |
| 4:20 | Queue | Villager (Male) |
| 4:33 | Queue | Villager (Male) |
| 5:22 | Queue | Villager (Male) |
| 5:53 | Build | Barracks |
| 5:58 | Queue | Villager (Male) |
| 6:15 | Queue | Villager (Male) |
| 6:28 | Queue | Militia |
| 6:29 | Queue | Militia |
| 6:32 | Queue | Militia |
| 6:32 | Queue | Militia |
| 6:46 | Queue | Militia |
| 6:46 | Queue | Militia |
| 7:13 | Queue | Militia |
| 7:15 | Queue | Villager (Male) |
| 7:17 | Queue | Militia |
| 7:22 | Queue | Villager (Male) |
| 7:33 | Queue | Villager (Male) |
| 7:35 | Build | Mill |
| 7:43 | Queue | Villager (Male) |
| 7:45 | Build | Mill |
| 7:57 | Queue | Villager (Male) |
| 8:02 | Queue | Villager (Male) |
| 8:25 | Queue | Villager (Male) |
| 8:29 | Build | Farm |
| 8:31 | Build | Farm |
| 8:33 | Build | Farm |
| 8:43 | Queue | Villager (Male) |
| 8:46 | Queue | Villager (Male) |
| 9:04 | Queue | Villager (Male) |
| 9:08 | Build | Farm |
| 9:10 | Build | Farm |
| 9:36 | Research | Feudal Age |
| 10:33 | Build | Mining Camp |
| 10:49 | Queue | Villager (Male) |
| 11:46 | Age | Feudal Age |
| 11:49 | Research | Loom |
| 11:50 | Queue | Villager (Male) |
| 11:51 | Build | Stable |
| 11:54 | Research | Double-Bit Axe |
| 12:01 | Queue | Villager (Male) |
| 12:11 | Queue | Villager (Male) |
| 12:12 | Build | Farm |
| 12:25 | Research | Man-at-Arms (upgrade) |
| 12:29 | Queue | Scout Cavalry |
| 12:29 | Queue | Scout Cavalry |
| 12:29 | Queue | Scout Cavalry |
| 12:30 | Queue | Scout Cavalry |
| 12:32 | Queue | Villager (Male) |
| 12:49 | Build | Farm |
| 12:50 | Build | Farm |
| 13:05 | Research | Wheelbarrow |
| 13:42 | Build | Stable |
| 13:53 | Research | Bloodlines |
| 14:00 | Queue | Villager (Male) |
| 14:11 | Queue | Scout Cavalry |
| 14:11 | Queue | Scout Cavalry |
| 14:14 | Queue | Villager (Male) |
| 14:43 | Queue | Scout Cavalry |
| 14:44 | Queue | Scout Cavalry |
| 14:46 | Queue | Villager (Male) |
| 14:52 | Build | Blacksmith |
| 15:10 | Build | Lumber Camp |
| 15:25 | Build | Farm |
| 15:32 | Research | Forging |
| 15:47 | Queue | Scout Cavalry |
| 15:52 | Build | Farm |
| 15:54 | Build | Farm |
| 16:07 | Queue | Scout Cavalry |
| 16:09 | Queue | Villager (Male) |
| 16:12 | Build | Farm |
| 16:14 | Build | Farm |
| 16:33 | Queue | Villager (Male) |
| 16:47 | Research | Scale Barding Armor |
| 16:50 | Build | Farm |
| 16:51 | Build | Farm |
| 16:54 | Build | Farm |
| 16:56 | Build | Farm |
| 17:06 | Build | Farm |
| 17:14 | Queue | Villager (Male) |
| 17:17 | Build | Farm |
| 17:20 | Queue | Villager (Male) |
| 17:28 | Research | Horse Collar |
| 17:33 | Build | Farm |
| 17:47 | Queue | Villager (Male) |
| 18:07 | Build | Farm |
| 18:18 | Build | Farm |
| 18:21 | Build | Farm |
| 18:32 | Queue | Villager (Male) |
| 18:40 | Build | Farm |
| 18:42 | Build | Farm |
| 18:48 | Queue | Villager (Male) |
| 19:02 | Build | Farm |
| 19:06 | Build | Watch Tower |
| 19:16 | Queue | Villager (Male) |
| 19:26 | Queue | Villager (Male) |
| 19:37 | Build | Mining Camp |
| 19:56 | Build | Watch Tower |
| 20:06 | Build | Palisade Wall |
| 20:07 | Build | Palisade Wall |
| 20:07 | Build | Palisade Wall |
| 20:08 | Build | Palisade Wall |
| 20:08 | Build | Palisade Wall |
| 20:13 | Queue | Villager (Male) |
| 20:13 | Queue | Villager (Male) |
| 20:18 | Build | Palisade Wall |
| 20:19 | Build | Palisade Wall |
| 20:20 | Build | Palisade Wall |
| 20:31 | Queue | Villager (Male) |
| 20:39 | Research | Castle Age |
| 20:47 | Queue | Villager (Male) |
| 21:16 | Build | Watch Tower |
| 21:37 | Build | Mining Camp |
| 21:53 | Queue | Villager (Male) |
| 22:21 | Build | Stable |
| 22:50 | Queue | Villager (Male) |
| 23:06 | Build | Stone Wall |
| 23:09 | Build | Stone Wall |
| 23:13 | Queue | Villager (Male) |
| 23:20 | Age | Castle Age |
| 23:22 | Queue | Knight |
| 23:23 | Queue | Knight |
| 23:23 | Queue | Knight |
| 23:24 | Research | Chain Barding Armor |
| 23:25 | Research | Bow Saw |
| 23:28 | Research | Gold Mining |
| 23:28 | Queue | Villager (Male) |
| 23:49 | Queue | Knight |
| 23:50 | Queue | Knight |
| 23:50 | Queue | Knight |
| 24:10 | Research | Heavy Plow |
| 24:14 | Queue | Villager (Male) |
| 24:17 | Queue | Knight |
| 24:17 | Queue | Knight |
| 24:21 | Queue | Knight |
| 24:35 | Queue | Knight |
| 24:40 | Queue | Villager (Male) |
Match timeline
| 5:53 | DarK | Spring · first_building Barracks |
| 7:20 | Tepeyóllotl · first_building Barracks |
| 8:46 | Tepeyóllotl · wall_segment Palisade Wall x1 |
| 8:51 | Tepeyóllotl · age_up feudal |
| 8:58 | Tepeyóllotl · first_building Archery Range |
| 9:04 | Tepeyóllotl · wall_segment Palisade Wall x8 |
| 9:27 | Tepeyóllotl · wall_segment Palisade Wall x16 |
| 10:33 | Tepeyóllotl · wall_segment Palisade Wall x9 |
| 11:46 | DarK | Spring · age_up feudal |
| 11:51 | DarK | Spring · first_building Stable |
| 13:53 | Tepeyóllotl · wall_segment Palisade Wall x7 |
| 16:52 | Tepeyóllotl · wall_segment Palisade Wall x1 |
| 20:06 | DarK | Spring · wall_segment Palisade Wall x1 |
| 20:07 | DarK | Spring · wall_segment Palisade Wall x1 |
| 20:07 | DarK | Spring · wall_segment Palisade Wall x1 |
| 20:08 | DarK | Spring · wall_segment Palisade Wall x1 |
| 20:08 | DarK | Spring · wall_segment Palisade Wall x2 |
| 20:18 | DarK | Spring · wall_segment Palisade Wall x1 |
| 20:19 | DarK | Spring · wall_segment Palisade Wall x1 |
| 20:20 | DarK | Spring · wall_segment Palisade Wall x1 |
| 21:05 | Tepeyóllotl · first_market_buy 100 food |
| 21:58 | Tepeyóllotl · first_building Stable |
| 23:06 | DarK | Spring · wall_segment Stone Wall x11 |
| 23:09 | DarK | Spring · wall_segment Stone Wall x3 |
| 23:20 | DarK | Spring · age_up castle |
| 24:13 | Tepeyóllotl · age_up castle |
| 25:14 | DarK | Spring · first_building Monastery |
| 29:22 | DarK | Spring · first_building Siege Workshop |
| 29:38 | Tepeyóllotl · first_building Monastery |
| 31:31 | Tepeyóllotl · first_market_sell 500 wood |
| 34:02 | Tepeyóllotl · resign |
[ AI ANALYSIS · 1 CREDIT ]
What really happened in this match?
Wolo.gg analyzes every decision: build order, eco, micro, common mistakes by bracket. Personalized analysis on WhatsApp or Discord in 30 seconds.
Civ guide
Berbers
Perfil
Jugador #4274648